Red Wings vs Avalanche

Created - April 12, 2021 at 19:01

Goals
1 2 3 T
Red Wings 0 1 5 6
Avalanche 1 2 0 3
Shots
1 2 3 T
Red Wings 6 6 16 28
Avalanche 10 11 9 30

1st period

1. Avalanche , Mattias Ekholm 3 (James Van Riemsdyk 25, Peter Prucha 15) at 7:18

Penalties :
Mattias Ekholm (Col) for Holding (Minor) at 4:35, Petr Pohl (Det) for Hooking (Minor) at 11:14, James Van Riemsdyk (Col) for Tripping (Minor) at 13:02, Lasse Kukkonen (Det) for Roughing (Minor) at 16:12, Mattias Ekholm (Col) for Interference (Minor) at 19:02

2nd period

2. Red Wings , Mike Richards 27 (Kris Versteeg 32) at 2:52
3. Avalanche , Evgeny Dadonov 21 (James Van Riemsdyk 26, Paul Stastny 31) at 5:45
4. Avalanche , Mikkel Boedker 44 (Marc Staal 30, Patric Hornqvist 41) at 11:31 (PP)

Penalties :
Ryan O'Byrne (Det) for Holding (Minor) at 1:31, Paul Stastny (Col) for Holding (Minor) at 2:46, Ryan O'Byrne (Det) for Interference (Minor) at 9:45, Alex Picard (Det) for Holding (Minor) at 18:54

3rd period

5. Red Wings , Kellan Lain 14 (Philip Samuelsson 38, Ole-Kristian Tollefsen 29) at 1:53 (PP)
6. Red Wings , Kellan Lain 15 (Frans Nielsen 26, Connor Brown 32) at 3:20
7. Red Wings , Mike Richards 28 (Jiri Fischer 17, Kris Versteeg 33) at 4:56
8. Red Wings , Mike Richards 29 (Philip Samuelsson 39) at 11:10 (PP)
9. Red Wings , Jiri Fischer 2 (Connor Brown 33) at 14:49 (PP)

Penalties :
Erik Karlsson (Col) for Diving (Minor) at 1:08, Jack Johnson (Col) for Hooking (Minor) at 10:28, Bryan Little (Col) for Holding (Minor) at 11:34, James Van Riemsdyk (Col) for Roughing (Minor) at 14:39, Danny Richmond (Col) for High sticking (Minor) at 19:44

Goalie Stats

Robin Lehner (Det), 27 saves from 30 shots - (0.900), W, 24-28-7, 60:00 minutes
Semyon Varlamov (Col), 22 saves from 28 shots - (0.786), L, 23-11-5, 60:00 minutes

Players Stats for Red Wings

Player Name              G  A  P  +/- PIM S  H  SB GA TA FO     MP     PP MP  PK MP  
------------------------------------------------------------------------------------
Alex Picard              0  0  0  -1  2   2  1  0  1  0  0/0    12:06   0:00   1:15 
Carson Mcmillan          0  0  0  -1  0   1  1  0  0  0  0/0    14:24   0:00   4:42 
Connor Brown             0  2  2   1  0   5  1  0  1  0  0/0    16:49   6:04   0:00 
Darroll Powe             0  0  0   0  0   0  0  0  0  1  3/11   10:59   0:00   5:36 
David Krejci             0  0  0  -1  0   0  0  0  1  1  4/8    10:30   0:00   0:54 
Frans Nielsen            0  1  1   0  0   1  2  0  0  0  5/8    18:21   4:47   2:17 
Jakub Kindl              0  0  0   1  0   0  1  0  0  0  0/0    10:09   0:04   1:04 
Jiri Fischer             1  1  2   0  0   2  0  0  2  0  0/0    22:13   4:25   3:22 
Kellan Lain              2  0  2   0  0   3  3  1  0  0  0/0    16:40   4:47   0:36 
Kris Versteeg            0  2  2   2  0   5  0  2  0  0  1/3    19:43   5:40   0:00 
Lasse Kukkonen           0  0  0   1  2   0  0  1  0  0  0/0     8:13   0:04   0:00 
Marko Dano               0  0  0   0  0   3  2  1  1  0  0/2    18:06   4:39   0:00 
Michael Haley            0  0  0   0  0   0  1  0  0  0  0/0     7:34   0:00   2:17 
Mike Richards            3  0  3   2  0   3  2  0  0  2  12/32  19:43   5:40   0:00 
Ole-Kristian Tollefsen   0  1  1   0  0   1  1  2  1  1  0/0    28:39   6:23   5:22 
Petr Pohl                0  0  0   0  2   0  0  0  0  0  1/1     5:50   0:34   0:00 
Philip Samuelsson        0  2  2   0  0   2  1  4  2  3  0/0    28:39   6:23   5:22 
Ryan O'Byrne             0  0  0   0  4   0  1  0  0  1  0/0    21:35   4:50   2:21 

Players Stats for Avalanche

Player Name              G  A  P  +/- PIM S  H  SB GA TA FO     MP     PP MP  PK MP  
------------------------------------------------------------------------------------
Andrew Ladd              0  0  0   0  0   0  2  0  0  0  0/1    15:57   0:00   6:50 
Bryan Little             0  0  0  -1  2   3  1  0  0  0  15/25  18:09   5:02   0:08 
Charlie Coyle            0  0  0   0  0   0  1  0  0  0  14/20  16:05   0:00   7:08 
Colten Teubert           0  0  0   1  0   1  1  2  0  2  0/0    21:22   3:19   3:42 
Danny Richmond           0  0  0  -1  2   1  0  1  0  0  0/0    11:44   0:00   1:58 
Erik Condra              0  0  0   0  0   1  0  0  0  0  0/0     5:44   0:00   0:00 
Erik Karlsson            0  0  0   1  2   1  2  1  0  1  0/0    18:42   5:28   0:34 
Evgeny Dadonov           1  0  1   0  0   1  1  0  0  0  0/0    14:52   3:45   0:00 
Jack Johnson             0  0  0  -1  2   4  0  0  0  1  0/0    26:36   3:19   6:28 
James Van Riemsdyk       0  2  2   1  4   5  2  0  1  0  0/0    15:50   3:44   0:16 
Kyle Turris              0  0  0   0  0   0  1  0  1  0  0/1     9:13   0:00   3:16 
Marc Staal               0  1  1  -1  0   3  2  0  4  3  0/0    29:18   5:28   7:10 
Mattias Ekholm           1  0  1   0  4   1  1  1  0  0  0/0    13:03   0:00   1:52 
Mikkel Boedker           1  0  1  -2  0   2  2  1  2  0  4/5    18:38   5:02   0:00 
Patric Hornqvist         0  1  1  -2  0   3  0  1  1  1  0/1    18:38   5:02   0:00 
Paul Stastny             0  1  1   0  2   3  2  0  0  1  6/12   17:49   3:44   2:56 
Peter Prucha             0  1  1   1  0   0  0  0  0  0  0/0    10:40   0:00   1:10 
Tomas Tatar              0  0  0   0  0   1  0  0  0  0  0/0     5:44   0:00   0:00 

3 Stars

1 - Mike Richards (Det)
2 - Kellan Lain (Det)
3 - Kris Versteeg (Det)

Power Play

Red Wings - 3 on 9 Attempt(s) - 33.33%
Avalanche - 1 on 5 Attempt(s) - 20.00%

Penalty Kill

Red Wings - 4 on 5 Attempt(s) - 80.00% - Score 0 goal in Penalty Kill
Avalanche - 6 on 9 Attempt(s) - 66.67% - Score 0 goal in Penalty Kill

Team Stat

Red Wings - Hits : 17 - Faceoff Wins : 26 - Blocked Shots : 11 - Penalty Minutes : 10
Avalanche - Hits : 18 - Faceoff Wins : 39 - Blocked Shots : 7 - Penalty Minutes : 18

Official

Referees : Unknown
Linesman : Unknown

Game Notes

Mike Richards has scored a Hat Trick!

Finance

Level 1 -- Attendance: 5775 (96.25%) -- Ticket Income $513,975
Level 2 -- Attendance: 5000 (100.00%) -- Ticket Income $275,000
Level 3 -- Attendance: 2000 (100.00%) -- Ticket Income $66,000
Level 4 -- Attendance: 4000 (100.00%) -- Ticket Income $92,000
Luxury Box -- Attendance: 1000 (100.00%) -- Ticket Income $172,000
Game was played at the Pepsi Center.
Total Attendance: 17775 (98.75%)
Total Ticket Income: $1,118,975
Other Income: $167,846
Total Income: $1,286,821

Red Wings

5 vs 5 Forward 
   Center                   Left Wing                Right Wing               Time % Phy DF OF 
 1 Mike Richards            Marko Dano               Kris Versteeg            40     1   2  2  
 2 Frans Nielsen            Kellan Lain              Connor Brown             30     0   2  3  
 3 David Krejci             Alex Picard              Carson Mcmillan          20     1   2  2  
 4 Darroll Powe             Michael Haley            Petr Pohl                10     1   2  2  

5 vs 5 Defense 
   Defense                  Defense                                           Time % Phy DF OF 
 1 Philip Samuelsson        Ole-Kristian Tollefsen                            40     1   2  2  
 2 Ryan O'Byrne             Jiri Fischer                                      30     1   2  2  
 3 Lasse Kukkonen           Jakub Kindl                                       20     1   2  2  
 4 Philip Samuelsson        Ole-Kristian Tollefsen                            10     1   2  2  

PowerPlay Forward 
   Center                   Left Wing                Right Wing               Time % Phy DF OF 
 1 Mike Richards            Kris Versteeg            Connor Brown             60     1   2  2  
 2 Frans Nielsen            Marko Dano               Kellan Lain              40     1   2  2  

PowerPlay Defense
   Defense                  Defense                                           Time % Phy DF OF 
 1 Philip Samuelsson        Ole-Kristian Tollefsen                            60     1   2  2  
 2 Ryan O'Byrne             Jiri Fischer                                      40     1   2  2  

Penalty Kill 4 Players Forward 
   Center                   Wing                     Time % Phy DF OF 
 1 Darroll Powe             Carson Mcmillan          60     1   2  2  
 2 Frans Nielsen            Michael Haley            40     1   2  2  

Penalty Kill 4 Players Defense
   Defense                  Defense                  Time % Phy DF OF 
 1 Philip Samuelsson        Ole-Kristian Tollefsen   60     1   2  2  
 2 Ryan O'Byrne             Jiri Fischer             40     1   2  2  

Penalty Kill - 3 Players Forward 
   Forward                                           Time % Phy DF OF 
 1 Carson Mcmillan                                   60     1   2  2  
 2 Michael Haley                                     40     1   2  2  

Penalty Kill - 3 Players Defense
   Defense                  Defense                  Time % Phy DF OF 
 1 Philip Samuelsson        Ole-Kristian Tollefsen   60     1   2  2  
 2 Ryan O'Byrne             Jiri Fischer             40     1   2  2  

4 vs 4 Forward 
   Center                   Wing                     Time % Phy DF OF 
 1 Mike Richards            Kris Versteeg            60     1   2  2  
 2 Connor Brown             Marko Dano               40     1   2  2  

4 vs 4 Defense
   Defense                  Defense                  Time % Phy DF OF 
 1 Philip Samuelsson        Ole-Kristian Tollefsen   60     1   2  2  
 2 Ryan O'Byrne             Jiri Fischer             40     1   2  2  

Last Minutes Offensive
   Center                   Left Wing                Right Wing               Defense                  Defense                  
   Mike Richards            Marko Dano               Kris Versteeg            Philip Samuelsson        Connor Brown             

Last Minutes Defensive
   Center                   Left Wing                Right Wing               Defense                  Defense                  
   Frans Nielsen            Michael Haley            Carson Mcmillan          Philip Samuelsson        Ole-Kristian Tollefsen   

Goaltenders
Starting : Robin Lehner             
Backup : Josh Harding             

Extra Forwards
Normal : Petr Pohl, Alex Picard, David Krejci - PP : Petr Pohl, Alex Picard - PK : David Krejci
Extra Defensemen
Normal : Lasse Kukkonen, Jakub Kindl, Ryan O'Byrne - PP : Lasse Kukkonen - PK : Jakub Kindl, Ryan O'Byrne
Penalty Shots
Kris Versteeg, Mike Richards, Marko Dano, Carson Mcmillan, Alex Picard

Scratches
Chuck Kobasew (Healthy), Matt Greene (Healthy)

Avalanche

5 vs 5 Forward 
   Center                   Left Wing                Right Wing               Time % Phy DF OF 
 1 Bryan Little             Mikkel Boedker           Patric Hornqvist         35     1   2  2  
 2 Paul Stastny             James Van Riemsdyk       Evgeny Dadonov           30     1   2  2  
 3 Charlie Coyle            Andrew Ladd              Peter Prucha             25     1   2  2  
 4 Kyle Turris              Tomas Tatar              Erik Condra              10     1   2  2  

5 vs 5 Defense 
   Defense                  Defense                                           Time % Phy DF OF 
 1 Jack Johnson             Marc Staal                                        40     1   2  2  
 2 Erik Karlsson            Colten Teubert                                    35     1   2  2  
 3 Mattias Ekholm           Danny Richmond                                    25     1   2  2  
 4 Jack Johnson             Marc Staal                                        0      1   2  2  

PowerPlay Forward 
   Center                   Left Wing                Right Wing               Time % Phy DF OF 
 1 Bryan Little             Mikkel Boedker           Patric Hornqvist         60     1   2  2  
 2 Paul Stastny             James Van Riemsdyk       Evgeny Dadonov           40     1   2  2  

PowerPlay Defense
   Defense                  Defense                                           Time % Phy DF OF 
 1 Erik Karlsson            Marc Staal                                        60     1   2  2  
 2 Jack Johnson             Colten Teubert                                    40     1   2  2  

Penalty Kill 4 Players Forward 
   Center                   Wing                     Time % Phy DF OF 
 1 Charlie Coyle            Andrew Ladd              60     1   2  2  
 2 Kyle Turris              Paul Stastny             40     1   2  2  

Penalty Kill 4 Players Defense
   Defense                  Defense                  Time % Phy DF OF 
 1 Jack Johnson             Marc Staal               60     1   2  2  
 2 Mattias Ekholm           Colten Teubert           40     1   2  2  

Penalty Kill - 3 Players Forward 
   Forward                                           Time % Phy DF OF 
 1 Mikkel Boedker                                    60     1   2  2  
 2 Patric Hornqvist                                  40     1   2  2  

Penalty Kill - 3 Players Defense
   Defense                  Defense                  Time % Phy DF OF 
 1 Jack Johnson             Marc Staal               60     1   2  2  
 2 Erik Karlsson            Colten Teubert           40     1   2  2  

4 vs 4 Forward 
   Center                   Wing                     Time % Phy DF OF 
 1 Mikkel Boedker           Patric Hornqvist         60     1   2  2  
 2 Bryan Little             Paul Stastny             40     1   2  2  

4 vs 4 Defense
   Defense                  Defense                  Time % Phy DF OF 
 1 Jack Johnson             Marc Staal               60     1   2  2  
 2 Erik Karlsson            Colten Teubert           40     1   2  2  

Last Minutes Offensive
   Center                   Left Wing                Right Wing               Defense                  Defense                  
   Bryan Little             Mikkel Boedker           Patric Hornqvist         Jack Johnson             Erik Karlsson            

Last Minutes Defensive
   Center                   Left Wing                Right Wing               Defense                  Defense                  
   Bryan Little             Mikkel Boedker           Patric Hornqvist         Jack Johnson             Marc Staal               

Goaltenders
Starting : Semyon Varlamov          
Backup : Cam Ward                 

Extra Forwards
Normal : Charlie Coyle, Andrew Ladd, Peter Prucha - PP : Charlie Coyle, Andrew Ladd - PK : Peter Prucha
Extra Defensemen
Normal : Mattias Ekholm, Danny Richmond, Erik Karlsson - PP : Mattias Ekholm - PK : Danny Richmond, Erik Karlsson
Penalty Shots
Mikkel Boedker, Patric Hornqvist, Bryan Little, Paul Stastny, Evgeny Dadonov

Scratches
Luke Witkowski (Lower Body Injury)

% Time on Ice - Red Wings

Lines # - Real PCT - Wanted PCT - Time Play
Normal Forward
1 - 34% - 40% - 13:16
2 - 29% - 30% - 11:17
3 - 24% - 20% - 9:36
4 - 13% - 10% - 5:17
Normal Defense
1 - 44% - 40% - 17:18
2 - 36% - 30% - 14:15
3 - 19% - 20% - 7:25
4 - 1% - 10% - 0:28
PP Forward
1 - 52% - 60% - 5:40
2 - 48% - 40% - 5:12
PP Defense
1 - 59% - 60% - 6:27
2 - 41% - 40% - 4:25
PK Forward
1 - 74% - 60% - 6:30
2 - 26% - 40% - 2:17
PK Defense
1 - 62% - 60% - 5:25
2 - 38% - 40% - 3:22
PK3 Forward
1 - 0% - 60%
2 - 0% - 40%
PK3 Defense
1 - 0% - 60%
2 - 0% - 40%
44 Forward
1 - 96% - 60% - 0:53
2 - 4% - 40% - 0:02
44 Defense
1 - 80% - 60% - 0:44
2 - 20% - 40% - 0:11
Last Minute Offensive  - 0:00
Last Minute Defensive  - 0:00
Total
Forward - 60:00
Defense - 60:00

% Time on Ice - Avalanche

Lines # - Real PCT - Wanted PCT - Time Play
Normal Forward
1 - 35% - 35% - 13:49
2 - 28% - 30% - 11:07
3 - 22% - 25% - 8:46
4 - 15% - 10% - 5:44
Normal Defense
1 - 40% - 40% - 15:48
2 - 36% - 35% - 14:18
3 - 24% - 25% - 9:20
4 - 0% - 0% - 0:00
PP Forward
1 - 57% - 60% - 5:02
2 - 43% - 40% - 3:45
PP Defense
1 - 62% - 60% - 5:28
2 - 38% - 40% - 3:19
PK Forward
1 - 69% - 60% - 7:29
2 - 31% - 40% - 3:23
PK Defense
1 - 66% - 60% - 7:10
2 - 34% - 40% - 3:42
PK3 Forward
1 - 0% - 60%
2 - 0% - 40%
PK3 Defense
1 - 0% - 60%
2 - 0% - 40%
44 Forward
1 - 95% - 60% - 0:52
2 - 5% - 40% - 0:03
44 Defense
1 - 95% - 60% - 0:52
2 - 5% - 40% - 0:03
Last Minute Offensive  - 0:00
Last Minute Defensive  - 0:00
Total
Forward - 60:00
Defense - 60:00

Play-by-Play

1st period


0:01 of 1st period - Mike Richards wins face-off versus Bryan Little in neutral zone.
0:12 of 1st period - Wrist shot by Kris Versteeg.
0:12 of 1st period - Shot Blocked by Mikkel Boedker.
0:26 of 1st period - Jack Johnson is hit by Ole-Kristian Tollefsen and loses puck.
0:59 of 1st period - Snap shot by Petr Pohl.
0:59 of 1st period - Shot Misses the Net.
1:13 of 1st period - Wrist shot by James Van Riemsdyk.
1:13 of 1st period - Stopped by Robin Lehner with a rebound.
1:21 of 1st period - Wrist shot by Connor Brown.
1:21 of 1st period - Shot Misses the Net.
1:52 of 1st period - Wrist shot by James Van Riemsdyk.
1:52 of 1st period - Stopped by Robin Lehner without a rebound.
1:53 of 1st period - Charlie Coyle wins face-off versus Frans Nielsen in Red Wings zone.
2:04 of 1st period - Snap shot by Peter Prucha.
2:04 of 1st period - Shot Misses the Net.
2:06 of 1st period - Snap shot by Charlie Coyle.
2:06 of 1st period - Shot Misses the Net.
3:49 of 1st period - Slapshot by Alex Picard.
3:49 of 1st period - Stopped by Semyon Varlamov with a rebound.
3:51 of 1st period - Wrist shot by Carson Mcmillan.
3:51 of 1st period - Stopped by Semyon Varlamov without a rebound.
3:52 of 1st period - David Krejci wins face-off versus Charlie Coyle in Avalanche zone.
4:14 of 1st period - Icing by Peter Prucha.
4:15 of 1st period - Paul Stastny wins face-off versus Mike Richards in Avalanche zone.
4:35 of 1st period - Minor Penalty to Mattias Ekholm for Holding.
4:36 of 1st period - Charlie Coyle wins face-off versus Mike Richards in Avalanche zone.
5:02 of 1st period - Marc Staal is hit by Philip Samuelsson and loses puck.
5:07 of 1st period - Wrist shot by Marko Dano.
5:07 of 1st period - Stopped by Semyon Varlamov without a rebound.
5:08 of 1st period - Charlie Coyle wins face-off versus Marko Dano in Avalanche zone.
6:17 of 1st period - Jack Johnson is hit by Marko Dano and loses puck.
6:34 of 1st period - Slapshot by Erik Karlsson.
6:34 of 1st period - Stopped by Robin Lehner with a rebound.
6:35 of 1st period - Penalty to Mattias Ekholm is over, Mattias Ekholm is back on ice.
6:36 of 1st period - Slapshot by Jack Johnson.
6:36 of 1st period - Stopped by Robin Lehner with a rebound.
6:38 of 1st period - Wrist shot by James Van Riemsdyk.
6:38 of 1st period - Shot Misses the Net.
6:40 of 1st period - Wrist shot by Mattias Ekholm.
6:40 of 1st period - Shot Misses the Net.
6:42 of 1st period - Slapshot by Jack Johnson.
6:42 of 1st period - Stopped by Robin Lehner with a rebound.
7:18 of 1st period - Slapshot by Mattias Ekholm.
7:18 of 1st period - Goal by Mattias Ekholm - Red Wings : 0 - Avalanche : 1.
7:19 of 1st period - Bryan Little wins face-off versus David Krejci in neutral zone.
8:14 of 1st period - Wrist shot by Charlie Coyle.
8:14 of 1st period - Shot Blocked by Kris Versteeg.
9:04 of 1st period - Snap shot by Paul Stastny.
9:04 of 1st period - Stopped by Robin Lehner with a rebound.
9:06 of 1st period - Slapshot by Jack Johnson.
9:06 of 1st period - Shot Blocked by Kellan Lain.
9:08 of 1st period - Slapshot by Jack Johnson.
9:08 of 1st period - Stopped by Robin Lehner with a rebound.
9:10 of 1st period - Snap shot by James Van Riemsdyk.
9:10 of 1st period - Deflect By Paul Stastny.
9:10 of 1st period - Stopped by Robin Lehner with a rebound.
9:12 of 1st period - Slapshot by Jack Johnson.
9:12 of 1st period - Shot Misses the Net.
9:19 of 1st period - Icing by Philip Samuelsson.
9:20 of 1st period - Charlie Coyle wins face-off versus Frans Nielsen in Red Wings zone.
9:45 of 1st period - Slapshot by Connor Brown.
9:45 of 1st period - Shot Misses the Net.
9:51 of 1st period - Wrist shot by Connor Brown.
9:51 of 1st period - Stopped by Semyon Varlamov with a rebound.
9:59 of 1st period - Snap shot by Kellan Lain.
9:59 of 1st period - Stopped by Semyon Varlamov without a rebound.
10:00 of 1st period - Mikkel Boedker wins face-off versus Mike Richards in Avalanche zone.
10:00 of 1st period - Mikkel Boedker is hit by Marko Dano.
10:16 of 1st period - Snap shot by Patric Hornqvist.
10:16 of 1st period - Stopped by Robin Lehner without a rebound.
10:17 of 1st period - David Krejci wins face-off versus Charlie Coyle in Red Wings zone.
10:42 of 1st period - Erik Karlsson is hit by Mike Richards and loses puck.
11:14 of 1st period - Minor Penalty to Petr Pohl for Hooking.
11:15 of 1st period - Bryan Little wins face-off versus Darroll Powe in Red Wings zone.
11:34 of 1st period - Darroll Powe is hit by Erik Karlsson and loses puck.
11:55 of 1st period - Philip Samuelsson is hit by James Van Riemsdyk and loses puck.
12:20 of 1st period - Ryan O'Byrne is hit by Paul Stastny and loses puck.
13:02 of 1st period - Minor Penalty to James Van Riemsdyk for Tripping.
13:03 of 1st period - Mikkel Boedker wins face-off versus Kris Versteeg in Avalanche zone.
13:10 of 1st period - Slapshot by Mikkel Boedker.
13:10 of 1st period - Shot Misses the Net.
13:14 of 1st period - Penalty to Petr Pohl is over, Petr Pohl is back on ice.
13:59 of 1st period - Slapshot by Marko Dano.
13:59 of 1st period - Shot Blocked by Mattias Ekholm.
14:13 of 1st period - Wrist shot by Marko Dano.
14:13 of 1st period - Stopped by Semyon Varlamov without a rebound.
14:14 of 1st period - Charlie Coyle wins face-off versus Mike Richards in Avalanche zone.
15:02 of 1st period - Penalty to James Van Riemsdyk is over, James Van Riemsdyk is back on ice.
15:28 of 1st period - Alex Picard is hit by Kyle Turris and loses puck.
16:00 of 1st period - Snap shot by Kyle Turris.
16:00 of 1st period - Shot Misses the Net.
16:10 of 1st period - Snap shot by Kyle Turris.
16:10 of 1st period - Shot Blocked by Lasse Kukkonen.
16:12 of 1st period - Minor Penalty to Lasse Kukkonen for Roughing.
16:13 of 1st period - Darroll Powe wins face-off versus Bryan Little in Red Wings zone.
16:40 of 1st period - Marc Staal is hit by Michael Haley and loses puck.
18:01 of 1st period - James Van Riemsdyk is hit by Carson Mcmillan and loses puck.
18:12 of 1st period - Penalty to Lasse Kukkonen is over, Lasse Kukkonen is back on ice.
19:02 of 1st period - Minor Penalty to Mattias Ekholm for Interference.
19:03 of 1st period - Frans Nielsen wins face-off versus Charlie Coyle in Avalanche zone.
19:45 of 1st period - Backhand shot by Frans Nielsen.
19:45 of 1st period - Shot Misses the Net.
Goals for this period are 0 for Red Wings vs 1 for Avalanche.
Shots for this period are 6 for Red Wings vs 10 for Avalanche.

2nd period


0:01 of 2nd period - Charlie Coyle wins face-off versus Mike Richards in neutral zone.
0:14 of 2nd period - Wrist shot by Kris Versteeg.
0:14 of 2nd period - Stopped by Semyon Varlamov without a rebound.
0:15 of 2nd period - Charlie Coyle wins face-off versus Mike Richards in Avalanche zone.
0:15 of 2nd period - Charlie Coyle is hit by Connor Brown.
0:47 of 2nd period - Slapshot by Philip Samuelsson.
0:47 of 2nd period - Stopped by Semyon Varlamov without a rebound.
0:48 of 2nd period - Kris Versteeg wins face-off versus Paul Stastny in Avalanche zone.
1:02 of 2nd period - Penalty to Mattias Ekholm is over, Mattias Ekholm is back on ice.
1:31 of 2nd period - Minor Penalty to Ryan O'Byrne for Holding.
1:32 of 2nd period - Bryan Little wins face-off versus Darroll Powe in Red Wings zone.
2:46 of 2nd period - Minor Penalty to Paul Stastny for Holding.
2:47 of 2nd period - Mike Richards wins face-off versus Mikkel Boedker in Avalanche zone.
2:52 of 2nd period - Snap shot by Mike Richards.
2:52 of 2nd period - Goal by Mike Richards - Red Wings : 1 - Avalanche : 1.
2:53 of 2nd period - Mikkel Boedker wins face-off versus Mike Richards in neutral zone.
3:06 of 2nd period - Wrist shot by Mikkel Boedker.
3:06 of 2nd period - Shot Blocked by Philip Samuelsson.
3:31 of 2nd period - Penalty to Ryan O'Byrne is over, Ryan O'Byrne is back on ice.
4:46 of 2nd period - Penalty to Paul Stastny is over, Paul Stastny is back on ice.
5:41 of 2nd period - Off-side.
5:42 of 2nd period - Paul Stastny wins face-off versus David Krejci in neutral zone.
5:45 of 2nd period - Wrist shot by Evgeny Dadonov.
5:45 of 2nd period - Goal by Evgeny Dadonov - Red Wings : 1 - Avalanche : 2.
5:46 of 2nd period - Paul Stastny wins face-off versus Mike Richards in neutral zone.
6:16 of 2nd period - Snap shot by James Van Riemsdyk.
6:16 of 2nd period - Stopped by Robin Lehner with a rebound.
6:36 of 2nd period - Snap shot by Charlie Coyle.
6:36 of 2nd period - Shot Misses the Net.
6:38 of 2nd period - Snap shot by Marc Staal.
6:38 of 2nd period - Shot Misses the Net.
7:37 of 2nd period - Mikkel Boedker is hit by Frans Nielsen and loses puck.
7:42 of 2nd period - Wrist shot by Connor Brown.
7:42 of 2nd period - Shot Blocked by Danny Richmond.
7:46 of 2nd period - Wrist shot by Kellan Lain.
7:46 of 2nd period - Shot Misses the Net.
7:48 of 2nd period - Wrist shot by Connor Brown.
7:48 of 2nd period - Stopped by Semyon Varlamov without a rebound.
7:49 of 2nd period - Paul Stastny wins face-off versus Mike Richards in Avalanche zone.
8:24 of 2nd period - Mattias Ekholm is hit by Kellan Lain and loses puck.
9:45 of 2nd period - Minor Penalty to Ryan O'Byrne for Interference.
9:46 of 2nd period - Bryan Little wins face-off versus Darroll Powe in Red Wings zone.
10:15 of 2nd period - Icing by Evgeny Dadonov.
10:16 of 2nd period - Paul Stastny wins face-off versus Darroll Powe in Avalanche zone.
10:20 of 2nd period - Off-side.
10:21 of 2nd period - Bryan Little wins face-off versus Darroll Powe in neutral zone.
10:24 of 2nd period - Darroll Powe is hit by Colten Teubert and loses puck.
11:25 of 2nd period - Off-side.
11:26 of 2nd period - Bryan Little wins face-off versus David Krejci in neutral zone.
11:29 of 2nd period - Snap shot by Mikkel Boedker.
11:29 of 2nd period - Shot Misses the Net.
11:31 of 2nd period - Slapshot by Marc Staal.
11:31 of 2nd period - Deflect By Mikkel Boedker.
11:31 of 2nd period - Goal by Mikkel Boedker - Red Wings : 1 - Avalanche : 3.
11:32 of 2nd period - Mike Richards wins face-off versus Paul Stastny in neutral zone.
11:43 of 2nd period - Slapshot by Kris Versteeg.
11:43 of 2nd period - Shot Misses the Net.
12:27 of 2nd period - Snap shot by Darroll Powe.
12:27 of 2nd period - Shot Blocked by Erik Karlsson.
12:41 of 2nd period - Snap shot by Tomas Tatar.
12:41 of 2nd period - Stopped by Robin Lehner without a rebound.
12:42 of 2nd period - David Krejci wins face-off versus Kyle Turris in Red Wings zone.
13:47 of 2nd period - Snap shot by Kris Versteeg.
13:47 of 2nd period - Stopped by Semyon Varlamov with a rebound.
13:56 of 2nd period - Icing by Marko Dano.
13:57 of 2nd period - Frans Nielsen wins face-off versus Paul Stastny in Red Wings zone.
13:57 of 2nd period - Frans Nielsen is hit by James Van Riemsdyk.
14:22 of 2nd period - Icing by Paul Stastny.
14:23 of 2nd period - Petr Pohl wins face-off versus Patric Hornqvist in Avalanche zone.
14:32 of 2nd period - Snap shot by Darroll Powe.
14:32 of 2nd period - Shot Misses the Net.
15:33 of 2nd period - Wrist shot by Alex Picard.
15:33 of 2nd period - Stopped by Semyon Varlamov with a rebound.
16:02 of 2nd period - Slapshot by Marc Staal.
16:02 of 2nd period - Stopped by Robin Lehner with a rebound.
16:04 of 2nd period - Snap shot by Patric Hornqvist.
16:04 of 2nd period - Deflect By Darroll Powe.
16:04 of 2nd period - Shot Misses the Net.
16:04 of 2nd period - Puck is out of play.
16:05 of 2nd period - Mike Richards wins face-off versus Paul Stastny in Red Wings zone.
16:26 of 2nd period - Jiri Fischer is hit by Evgeny Dadonov and loses puck.
16:43 of 2nd period - Snap shot by Charlie Coyle.
16:43 of 2nd period - Shot Misses the Net.
16:47 of 2nd period - Wrist shot by Peter Prucha.
16:47 of 2nd period - Shot Misses the Net.
16:49 of 2nd period - Snap shot by Charlie Coyle.
16:49 of 2nd period - Shot Misses the Net.
17:03 of 2nd period - Wrist shot by Mikkel Boedker.
17:03 of 2nd period - Stopped by Robin Lehner without a rebound.
17:04 of 2nd period - Frans Nielsen wins face-off versus Bryan Little in Red Wings zone.
17:04 of 2nd period - Frans Nielsen is hit by Mikkel Boedker.
17:24 of 2nd period - Backhand shot by Bryan Little.
17:24 of 2nd period - Stopped by Robin Lehner without a rebound.
17:25 of 2nd period - David Krejci wins face-off versus Paul Stastny in Red Wings zone.
17:42 of 2nd period - Wrist shot by James Van Riemsdyk.
17:42 of 2nd period - Shot Misses the Net.
17:52 of 2nd period - Mikkel Boedker is hit by Kellan Lain and loses puck.
18:54 of 2nd period - Minor Penalty to Alex Picard for Holding.
18:55 of 2nd period - Mikkel Boedker wins face-off versus Darroll Powe in Red Wings zone.
19:01 of 2nd period - Snap shot by Patric Hornqvist.
19:01 of 2nd period - Stopped by Robin Lehner with a rebound.
19:03 of 2nd period - Slapshot by Erik Karlsson.
19:03 of 2nd period - Shot Blocked by Ole-Kristian Tollefsen.
19:05 of 2nd period - Slapshot by Erik Karlsson.
19:05 of 2nd period - Shot Hit the Post.
19:07 of 2nd period - Slapshot by Erik Karlsson.
19:07 of 2nd period - Shot Blocked by Philip Samuelsson.
19:09 of 2nd period - Snap shot by Bryan Little.
19:09 of 2nd period - Stopped by Robin Lehner without a rebound.
19:10 of 2nd period - Bryan Little wins face-off versus Darroll Powe in Red Wings zone.
19:17 of 2nd period - Snap shot by Mikkel Boedker.
19:17 of 2nd period - Shot Blocked by Philip Samuelsson.
19:19 of 2nd period - Snap shot by Mikkel Boedker.
19:19 of 2nd period - Shot Blocked by Ole-Kristian Tollefsen.
19:21 of 2nd period - Slapshot by Marc Staal.
19:21 of 2nd period - Stopped by Robin Lehner with a rebound.
19:23 of 2nd period - Slapshot by Marc Staal.
19:23 of 2nd period - Stopped by Robin Lehner without a rebound.
19:24 of 2nd period - Darroll Powe wins face-off versus Bryan Little in Red Wings zone.
19:51 of 2nd period - Carson Mcmillan is hit by Paul Stastny and loses puck.
Goals for this period are 1 for Red Wings vs 2 for Avalanche.
Shots for this period are 6 for Red Wings vs 11 for Avalanche.

3rd period


0:01 of 3rd period - Bryan Little wins face-off versus Darroll Powe in neutral zone.
0:04 of 3rd period - Philip Samuelsson is hit by Mikkel Boedker and loses puck.
0:27 of 3rd period - Marc Staal is hit by Frans Nielsen and loses puck.
0:52 of 3rd period - Slapshot by Bryan Little.
0:52 of 3rd period - Shot Misses the Net.
0:54 of 3rd period - Penalty to Alex Picard is over, Alex Picard is back on ice.
0:59 of 3rd period - Icing by Jiri Fischer.
1:00 of 3rd period - Darroll Powe wins face-off versus Andrew Ladd in Red Wings zone.
1:08 of 3rd period - Minor Penalty to Erik Karlsson for Diving.
1:09 of 3rd period - Mike Richards wins face-off versus Charlie Coyle in Avalanche zone.
1:09 of 3rd period - Wrist shot by Connor Brown.
1:09 of 3rd period - Stopped by Semyon Varlamov without a rebound.
1:10 of 3rd period - Charlie Coyle wins face-off versus Mike Richards in Avalanche zone.
1:53 of 3rd period - Wrist shot by Kellan Lain.
1:53 of 3rd period - Goal by Kellan Lain - Red Wings : 2 - Avalanche : 3.
1:54 of 3rd period - Bryan Little wins face-off versus Mike Richards in neutral zone.
2:01 of 3rd period - Snap shot by Mikkel Boedker.
2:01 of 3rd period - Shot Blocked by Marko Dano.
2:03 of 3rd period - Wrist shot by Patric Hornqvist.
2:03 of 3rd period - Shot Misses the Net.
2:05 of 3rd period - Snap shot by Patric Hornqvist.
2:05 of 3rd period - Stopped by Robin Lehner without a rebound.
2:06 of 3rd period - Mike Richards wins face-off versus Bryan Little in Red Wings zone.
2:38 of 3rd period - Slapshot by Colten Teubert.
2:38 of 3rd period - Stopped by Robin Lehner without a rebound.
2:39 of 3rd period - Frans Nielsen wins face-off versus Paul Stastny in Red Wings zone.
2:48 of 3rd period - Wrist shot by Frans Nielsen.
2:48 of 3rd period - Stopped by Semyon Varlamov without a rebound.
2:49 of 3rd period - Paul Stastny wins face-off versus Frans Nielsen in Avalanche zone.
2:49 of 3rd period - Paul Stastny is hit by Jakub Kindl.
3:20 of 3rd period - Snap shot by Frans Nielsen.
3:20 of 3rd period - Deflect By Kellan Lain.
3:20 of 3rd period - Goal by Kellan Lain - Red Wings : 3 - Avalanche : 3.
3:21 of 3rd period - Bryan Little wins face-off versus Mike Richards in neutral zone.
3:38 of 3rd period - Wrist shot by Bryan Little.
3:38 of 3rd period - Shot Misses the Net.
4:04 of 3rd period - Ole-Kristian Tollefsen is hit by Andrew Ladd and loses puck.
4:37 of 3rd period - Petr Pohl is hit by Erik Karlsson and loses puck.
4:46 of 3rd period - Slapshot by Philip Samuelsson.
4:46 of 3rd period - Stopped by Semyon Varlamov without a rebound.
4:47 of 3rd period - Mike Richards wins face-off versus Bryan Little in Avalanche zone.
4:54 of 3rd period - Snap shot by Kris Versteeg.
4:54 of 3rd period - Stopped by Semyon Varlamov with a rebound.
4:56 of 3rd period - Slapshot by Jiri Fischer.
4:56 of 3rd period - Deflect By Mike Richards.
4:56 of 3rd period - Goal by Mike Richards - Red Wings : 4 - Avalanche : 3.
4:57 of 3rd period - Bryan Little wins face-off versus Mike Richards in neutral zone.
5:24 of 3rd period - Frans Nielsen is hit by Marc Staal and loses puck.
5:46 of 3rd period - Off-side.
5:47 of 3rd period - Charlie Coyle wins face-off versus David Krejci in neutral zone.
6:23 of 3rd period - Slapshot by Bryan Little.
6:23 of 3rd period - Shot Blocked by Kris Versteeg.
6:56 of 3rd period - Snap shot by Kyle Turris.
6:56 of 3rd period - Deflect By Erik Condra.
6:56 of 3rd period - Stopped by Robin Lehner with a rebound.
7:05 of 3rd period - Jiri Fischer is hit by Mattias Ekholm and loses puck.
7:18 of 3rd period - Charlie Coyle is hit by Ryan O'Byrne and loses puck.
7:29 of 3rd period - Icing by Colten Teubert.
7:30 of 3rd period - Charlie Coyle wins face-off versus Mike Richards in Avalanche zone.
7:36 of 3rd period - Ole-Kristian Tollefsen is hit by Charlie Coyle and loses puck.
8:40 of 3rd period - Michael Haley is hit by Marc Staal and loses puck.
8:59 of 3rd period - Mattias Ekholm is hit by Mike Richards and loses puck.
10:01 of 3rd period - Snap shot by Petr Pohl.
10:01 of 3rd period - Shot Misses the Net.
10:23 of 3rd period - Snap shot by Marko Dano.
10:23 of 3rd period - Stopped by Semyon Varlamov with a rebound.
10:25 of 3rd period - Slapshot by Jiri Fischer.
10:25 of 3rd period - Stopped by Semyon Varlamov without a rebound.
10:26 of 3rd period - Bryan Little wins face-off versus Kris Versteeg in Avalanche zone.
10:28 of 3rd period - Minor Penalty to Jack Johnson for Hooking.
10:29 of 3rd period - Mike Richards wins face-off versus Charlie Coyle in Avalanche zone.
10:45 of 3rd period - Snap shot by Kris Versteeg.
10:45 of 3rd period - Stopped by Semyon Varlamov without a rebound.
10:46 of 3rd period - Mike Richards wins face-off versus Charlie Coyle in Avalanche zone.
10:51 of 3rd period - Snap shot by Connor Brown.
10:51 of 3rd period - Stopped by Semyon Varlamov with a rebound.
10:59 of 3rd period - Snap shot by Connor Brown.
10:59 of 3rd period - Stopped by Semyon Varlamov without a rebound.
11:00 of 3rd period - Charlie Coyle wins face-off versus Mike Richards in Avalanche zone.
11:10 of 3rd period - Slapshot by Mike Richards.
11:10 of 3rd period - Goal by Mike Richards - Red Wings : 5 - Avalanche : 3.
11:11 of 3rd period - Bryan Little wins face-off versus Marko Dano in neutral zone.
11:24 of 3rd period - Slapshot by Kris Versteeg.
11:24 of 3rd period - Stopped by Semyon Varlamov with a rebound.
11:26 of 3rd period - Wrist shot by Mike Richards.
11:26 of 3rd period - Shot Misses the Net.
11:28 of 3rd period - Wrist shot by Marko Dano.
11:28 of 3rd period - Shot Misses the Net.
11:34 of 3rd period - Minor Penalty to Bryan Little for Holding.
11:35 of 3rd period - Charlie Coyle wins face-off versus Mike Richards in Avalanche zone.
12:04 of 3rd period - Slapshot by Jack Johnson.
12:04 of 3rd period - Shot Blocked by Philip Samuelsson.
13:26 of 3rd period - Slapshot by Jack Johnson.
13:26 of 3rd period - Shot Misses the Net.
13:34 of 3rd period - Penalty to Bryan Little is over, Bryan Little is back on ice.
14:39 of 3rd period - Minor Penalty to James Van Riemsdyk for Roughing.
14:40 of 3rd period - Charlie Coyle wins face-off versus Mike Richards in Avalanche zone.
14:49 of 3rd period - Slapshot by Jiri Fischer.
14:49 of 3rd period - Deflect By Jack Johnson.
14:49 of 3rd period - Goal by Jiri Fischer - Red Wings : 6 - Avalanche : 3.
14:50 of 3rd period - Bryan Little wins face-off versus Mike Richards in neutral zone.
14:55 of 3rd period - Wrist shot by Bryan Little.
14:55 of 3rd period - Stopped by Robin Lehner without a rebound.
14:56 of 3rd period - Bryan Little wins face-off versus Mike Richards in Red Wings zone.
15:53 of 3rd period - Snap shot by Kellan Lain.
15:53 of 3rd period - Deflect By Frans Nielsen.
15:53 of 3rd period - Shot Blocked by Colten Teubert.
15:53 of 3rd period - Puck is out of play.
15:54 of 3rd period - Frans Nielsen wins face-off versus Bryan Little in Avalanche zone.
15:57 of 3rd period - Slapshot by Connor Brown.
15:57 of 3rd period - Shot Blocked by Colten Teubert.
16:21 of 3rd period - James Van Riemsdyk is hit by Alex Picard and loses puck.
16:32 of 3rd period - Slapshot by Danny Richmond.
16:32 of 3rd period - Stopped by Robin Lehner without a rebound.
16:33 of 3rd period - Mike Richards wins face-off versus Bryan Little in Red Wings zone.
17:07 of 3rd period - Slapshot by Jack Johnson.
17:07 of 3rd period - Stopped by Robin Lehner with a rebound.
17:09 of 3rd period - Snap shot by James Van Riemsdyk.
17:09 of 3rd period - Stopped by Robin Lehner with a rebound.
17:25 of 3rd period - Snap shot by Paul Stastny.
17:25 of 3rd period - Stopped by Robin Lehner with a rebound.
17:33 of 3rd period - Wrist shot by James Van Riemsdyk.
17:33 of 3rd period - Stopped by Robin Lehner without a rebound.
17:34 of 3rd period - Mike Richards wins face-off versus Bryan Little in Red Wings zone.
17:34 of 3rd period - Mike Richards is hit by Bryan Little.
18:00 of 3rd period - Peter Prucha is hit by Kellan Lain and loses puck.
18:17 of 3rd period - Kellan Lain is hit by Andrew Ladd and loses puck.
18:24 of 3rd period - Slapshot by Ole-Kristian Tollefsen.
18:24 of 3rd period - Stopped by Semyon Varlamov without a rebound.
18:25 of 3rd period - Mike Richards wins face-off versus Bryan Little in Avalanche zone.
18:34 of 3rd period - Snap shot by Mike Richards.
18:34 of 3rd period - Shot Blocked by Patric Hornqvist.
19:44 of 3rd period - Minor Penalty to Danny Richmond for High sticking.
19:45 of 3rd period - Charlie Coyle wins face-off versus Mike Richards in Avalanche zone.
Goals for this period are 5 for Red Wings vs 0 for Avalanche.
Shots for this period are 16 for Red Wings vs 9 for Avalanche.